 Dungeon Crawl Stone Soup version 0.31.0 (webtiles) character file.

Game seed: 11114420609174397733

1760 monsoonserge the Trooper (level 9, -6/96 HPs)
             Began as an Oni Fighter on Jan 19, 2024.
             Was a Follower of Okawaru.
             Mangled by an orc warrior
             ... wielding a +0 battleaxe
              (14 damage)
             ... on level 7 of the Dungeon.
             The game lasted 00:15:29 (5279 turns).

monsoonserge the Trooper (Oni Fighter)              Turns: 5279, Time: 00:15:30

Health: -6/96      AC:  6    Str: 26    XL:     9   Next: 7%
Magic:  12/12      EV:  9    Int:  9    God:    Okawaru [*.....]
Gold:   338        SH:  8    Dex:  8    Spells: 8/8 levels left

rFire   + . .        o - +2 whip (drain)
rCold   + . .        c - +0 kite shield
rNeg    . . .        d - +0 steam dragon scales
rPois   .            (helmet restricted)
rElec   .            (no cloak)
rCorr   .            (gloves unavailable)
SInv    .            (boots unavailable)
Will    .....        (no amulet)
Stlth   +            i - ring of protection from fire
HPRegen 0.36/turn    x - ring of protection from cold
MPRegen 0.13/turn

%: no passive effects
@: no status effects
A: large, unfitting armour, horns 1, tough skin 1, double potion healing,
drunken brawling
a: Renounce Religion, Heroism


You were on level 7 of the Dungeon.
You worshipped Okawaru.
Okawaru was aware of your devotion.
You visited 2 branches of the dungeon, and saw 8 of its levels.
You also visited: Sewer.

You collected 338 gold pieces.

Inventory:

Hand Weapons
 a - a +0 flail
 o - a +2 whip of draining (weapon)
 B - a +1 short sword of freezing
 C - a +1 short sword of venom
Missiles
 m - 2 datura-tipped darts
 A - a curare-tipped dart (quivered)
Armour
 c - a +0 kite shield (worn)
 d - +0 steam dragon scales (worn)
Jewellery
 i - a ring of protection from fire (left hand)
 x - a ring of protection from cold (right hand)
Talismans
 E - a maw talisman
 F - a dragon-blood talisman
Wands
 y - a wand of polymorph (9)
Scrolls
 e - a scroll of silence {unknown}
 f - a scroll of amnesia {unknown}
 g - 2 scrolls of blinking {unknown}
 h - 4 scrolls of teleportation
 k - a scroll of fear {unknown}
 l - a scroll of revelation {unknown}
 p - 4 scrolls of enchant weapon {unknown}
 q - 3 scrolls of fog {unknown}
 r - a scroll of noise {unknown}
 s - a scroll of enchant armour {unknown}
 t - a scroll of immolation {unknown}
 u - 10 scrolls of identify {unknown}
 v - a scroll of summoning {unknown}
Potions
 b - a potion of invisibility {unknown}
 n - a potion of magic {unknown}
 w - 2 potions of cancellation
 z - a potion of berserk rage {unknown}
 D - a potion of lignification


   Skills:
 + Level 7.9 Fighting
 + Level 6.9 Maces & Flails
 + Level 0.9 Throwing
 + Level 5.2 Dodging
 + Level 4.6 Shields
 + Level 0.2 Unarmed Combat
 * Level 4.1 Invocations


You had 8 spell levels left.
You didn't know any spells.
Your spell library contained the following spells:

 Spells                   Type           Power      Damage    Failure   Level
 Ensorcelled Hibernation  Hex/Ice        0%         N/A       77%         2
 Mercury Vapours          Alch/Air       0%         N/A       77%         2
 Dazzling Flash           Conj/Hex       0%         N/A       94%         3
 Mephitic Cloud           Conj/Alch/Air  0%         N/A       94%         3
 Passwall                 Erth           0%         N/A       94%         3
 Swiftness                Air            0%         N/A       94%         3
 Curse of Agony           Necr           0%         N/A       100%        5
 Freezing Cloud           Conj/Ice/Air   0%         6-21      100%        5
 Silence                  Hex/Air        0%         N/A       100%        5
 Summon Small Mammal      Summ           Unusable   N/A       N/A         1
 Call Canine Familiar     Summ           Unusable   N/A       N/A         3
 Summon Blazeheart Golem  Fire/Summ      Unusable   N/A       N/A         4

Dungeon Overview and Level Annotations

Branches:
Dungeon (7/15)             Temple (1/1) D:4           Sewer (visited)

Altars:
Dithmenos
Elyvilon
Fedhas
Gozag
Hepliaklqana
Kikubaaqudgha
Makhleb
Nemelex Xobeh
Okawaru
Qazlal
Ru
Sif Muna
Trog
Vehumet
Wu Jian
Xom
Yredelemnul
Zin
The Shining One

Shops:
D:6 [

Annotations:
D:2 1 runed translucent door, Crazy Yiuf
D:5 Dowan, Duvessa, Edmund
D:6 dig, Jeremiah


Innate Abilities, Weirdness & Mutations

You are too large for most types of armour.
You have a pair of small horns on your head.
You have tough skin. (AC +1)
You gain doubled healing and magic from potions.
Whenever you drink a healing potion, you attack all around you.


Message History

The sky beast hits you but does no damage.
The orc hits you but does no damage.
You closely miss the sky beast.
The sky beast is lightly wounded.
The orc warrior hits you with a +0 battleaxe.
* * * LOW HITPOINT WARNING * * *
The orc hits you but does no damage. You block the orc's attack.
The sky beast hits you but does no damage.
You hit the sky beast. You drain the sky beast.
The sky beast is lightly wounded.
You block the orc warrior's attack. You block the orc's attack.
The orc hits you but does no damage. You block the sky beast's attack.
You hit the sky beast. You drain the sky beast.
The sky beast is heavily wounded.
The orc warrior hits you with a +0 battleaxe!
* * * LOW HITPOINT WARNING * * *
You take a swig of the potion and twirl your +2 whip of draining.
You hit the orc.
The orc is heavily wounded.
You hit the orc warrior but do no damage.
You drain the orc warrior.
The orc warrior is moderately wounded.
You whack the orc!
You kill the orc!
Okawaru accepts your kill.
You hit the sky beast. You drain the sky beast.
The sky beast is severely wounded.
You savour every drop.
You feel better. The orc hits you but does no damage.
You block the orc warrior's attack.
It was a potion of cancellation.
Your magical effects are unravelling.
You feel magically purged.
You feel less wooden.
Your +0 steam dragon scales unmelds from your body.
You block the orc's attack. You block the sky beast's attack.
The sky beast flickers out of sight!
Deactivating autopickup; reactivate with Ctrl-A.
Something hits you but does no damage.
The orc warrior hits you with a +0 battleaxe!
You die...

#......#..#
#########....[....#
#..............##.#
#..................
#.........#######o.#
#.......)..... .#
#...........##. #
##.....)o##....
#.....@Y......
#.....o{######
#.......#
#..........
#.......#...
#.......#....
#./..........
#............


You could see an orc warrior (very drained), a sky beast (very drained) and an
orc.

Vanquished Creatures
  Maggie (D:6)
  A steam dragon (D:7)
  A sky beast (D:6)
  An ogre (D:4)
  A crocodile (Sewer)
  A phantom (D:4)
  2 kobold brigands
  A bullfrog (D:6)
  A brain worm (Sewer)
  2 scorpions
  A howler monkey (D:5)
  A bombardier beetle (D:3)
  3 hounds
  An orc priest (D:7)
  2 jellies (D:6)
  Natasha (thrice) (D:2)
  3 iguanas
  7 adders
  5 river rats (Sewer)
  3 dart slugs
  3 ribbon worms
  7 orcs
  7 ball pythons
  6 bats
  13 endoplasms
  4 giant cockroaches
  4 goblins
  2 hobgoblins (D:1)
  11 jackals
  4 quokkas
  4 frilled lizards
  14 kobolds
  6 rats
126 creatures vanquished.

Vanquished Creatures (others)
  A kobold (D:6)
1 creature vanquished.

Grand Total: 127 creatures vanquished

Notes
Turn   | Place    | Note
-------+----------+-------------------------------------------
     0 | D:1      | monsoonserge the Oni Fighter began the quest for the Orb.
     0 | D:1      | Reached XP level 1. HP: 24/24 MP: 1/1
   148 | D:1      | Reached XP level 2. HP: 29/32 MP: 2/2
   409 | D:1      | Found a faded altar of an unknown god.
   522 | D:1      | Reached XP level 3. HP: 39/40 MP: 3/3
   839 | D:2      | Found a shadowy altar of Dithmenos.
  1206 | D:2      | Noticed Natasha
  1218 | D:2      | Killed Natasha
  1219 | D:2      | Reached XP level 4. HP: 30/49 MP: 4/4
  1375 | D:2      | Found a runed translucent door.
  1376 | D:2      | Noticed Crazy Yiuf
  1644 | D:2      | Noticed Natasha
  1653 | D:2      | Killed Natasha
  1834 | D:2      | Noticed Natasha
  1840 | D:2      | Killed Natasha
  1841 | D:2      | Reached skill level 5 in Fighting
  1841 | D:2      | Reached XP level 5. HP: 31/57 MP: 5/5
  2591 | D:4      | Reached XP level 6. HP: 47/66 MP: 6/6
  2825 | D:4      | Found a staircase to the Ecumenical Temple.
  2853 | D:4      | Found an opulent altar of Gozag.
  2875 | D:4      | Reached XP level 7. HP: 52/74 MP: 7/7
  2915 | Temple   | Entered the Ecumenical Temple
  2923 | Temple   | Became a worshipper of Warmaster Okawaru
  3165 | D:5      | Entered Level 5 of the Dungeon
  3223 | D:5      | Reached skill level 5 in Maces & Flails
  3307 | D:5      | Noticed Dowan
  3307 | D:5      | Noticed Duvessa
  3315 | D:5      | Noticed Edmund
  3519 | D:5      | Reached skill level 1 in Invocations
  3684 | D:5      | Reached skill level 6 in Fighting
  3915 | D:6      | Found Zenocap's Armour Shoppe.
  3931 | D:6      | Found a glowing drain.
  3932 | D:6      | Noticed Maggie
  3953 | D:6      | Killed Maggie
  3953 | D:6      | Reached * piety under Okawaru
  3954 | D:6      | Reached XP level 8. HP: 73/84 MP: 7/9
  3968 | D:6      | Reached skill level 7 in Fighting
  3996 | Sewer    | Entered a sewer
  4837 | D:6      | Reached skill level 5 in Dodging
  5105 | D:6      | Noticed Jeremiah
  5220 | D:7      | Reached XP level 9. HP: 35/94 MP: 10/12
  5277 | D:7      | HP: 1/144 [orc warrior/+0 battleaxe (14)]
  5279 | D:7      | Mangled by an orc warrior

Illustrated notes

Levels and vault maps discovered:
D:1:      psy_arrival_whirlpool, layout_basic,
          dreamdust_ecumenical_altar_drowned_temple, kennysheep_another_room
D:2:      layout_basic, basic_altar, serial_bayou_crossing,
          uniq_crazy_yiuf_cottage, uniq_natasha
D:3:      layout_rooms, chequers_serial_rivers_small_b
D:4:      layout_cave_pools, nicolae_gozag_seed_capital,
          minmay_temple_entry_overgrown, st_stairs_11
D:5:      layout_loops_ring, nicolae_elevator_lobby_plus, uniq_blork_the_orc,
          uniq_edmund, uniq_duvessa
D:6:      layout_loops_ring, cheibrodos_sewer_entry_sluice, serial_shops,
          nicolae_shop_tiny_waterfront, serial_glass, glass_columns_c,
          glass_columns_a, item_on_display_a, feat_on_display,
          due_unseen_surprise, feat_on_display, uniq_jeremiah, uniq_maggie,
          uniq_sigmund
D:7:      minmay_clustersquares, layout_rooms, slow_altar_1, enter_bailey_7
Temple:   eino_narrow_crystal_temple

Skill      XL: |  1  2  3  4  5  6  7  8 |
---------------+-------------------------+-----
Shields        | 3 4 |  4.6
Dodging        | 3 4 5 |  5.2
Maces & Flails | 3 4 5 6 |  6.9
Fighting       | 5 6 7 |  7.9
Invocations    | 2 4 |  4.1
Throwing       | |  0.9
Unarmed Combat | |  0.2

Action                     |  1- 3 |  4- 6 |  7- 9 || total
---------------------------+-------+-------+-------++-------
  Melee: Flail             |    89 |     6 |       ||    95
         Headbutt          |     9 |    14 |    49 ||    72
         Whip              |       |   126 |   255 ||   381
         Unarmed           |       |       |     4 ||     4
  Throw: Dart              |       |       |     4 ||     4
 Invoke: Heroism           |       |       |     1 ||     1
    Use: Potion            |       |       |     5 ||     5
         Scroll            |       |       |     1 ||     1
 Armour: Robe              |    67 |    88 |    33 ||   188
         Skin              |       |       |    25 ||    25
         Steam dragon scal |       |       |    55 ||    55
  Dodge: Dodged            |    40 |    56 |    72 ||   168
  Block: Kite shield       |    36 |    49 |    82 ||   167
